Warning! The script has encountered some errors when parsing the replay. Please report them to the . » details
0x00, prev: 0x16: 16 02 01 00 0B 63 00 00 4C BF 0C 00 [00] 00 00 00 00 00 00 00 00 00 00 00 00 00 00 00 00 00 00 00 00 00 00 00 0C 00 03 11 00 18 00 03 1A 19 61 65 64 55 6E 56 00 00 D7 B1 00 00 03 03 00 18 00 03
0x00, prev: 0x00: 16 02 01 00 0B 63 00 00 4C BF 0C 00 00 00 00 00 00 00 00 00 00 00 00 00 00 00 00 00 00 00 00 00 00 00 [00] 00 0C 00 03 11 00 18 00 03 1A 19 61 65 64 55 6E 56 00 00 D7 B1 00 00 03 03 00 18 00 03
0x00, prev: 0x01: 16 02 02 00 73 5B 00 00 DB 50 03 00 F0 6E 00 00 FF 2B 05 00 00 00 00 00 00 00 00 00 00 00 00 00 00 00 00 00 00 00 00 00 00 00 00 00 01 [00]
0x00, prev: 0x02: 16 02 01 00 AB 5B 00 00 4A 3A 03 00 00 00 00 00 00 00 00 00 00 00 00 00 00 00 00 00 00 00 00 00 00 00 00 00 02 [00]
0x00, prev: 0x04: 16 02 01 00 34 22 00 00 65 08 08 00 00 00 00 00 00 00 00 00 00 00 00 00 00 00 00 00 00 00 00 00 00 00 00 00 04 [00]
0x00, prev: 0x05: 16 02 01 00 E3 69 00 00 F4 01 05 00 00 00 00 00 00 00 00 00 00 00 00 00 00 00 00 00 00 00 00 00 00 00 00 00 05 [00] 03 11 00 18 03 03 1A 19 70 69 68 65 37 54 00 00 23 94 0C 00 03 03 00 18 03 03
0x08, prev: 0x00: 16 02 01 00 8A 09 00 00 81 E9 02 00 00 00 00 00 00 00 00 00 00 00 00 00 00 00 00 00 00 00 00 00 00 00 00 00 [08] 00
0x09, prev: 0x00: 16 02 01 00 D0 5C 00 00 20 3E 04 00 00 00 00 00 00 00 00 00 00 00 00 00 00 00 00 00 00 00 00 00 00 00 00 00 [09] 00
0x0A, prev: 0x00: 16 02 01 00 EB 6D 00 00 52 1F 0A 00 00 00 00 00 00 00 00 00 00 00 00 00 00 00 00 00 00 00 00 00 00 00 00 00 [0A] 00
0x0D, prev: 0x00: 16 02 01 00 F1 69 00 00 F7 BD 03 00 00 00 00 00 00 00 00 00 00 00 00 00 00 00 00 00 00 00 00 00 00 00 00 00 [0D] 00
0x0C, prev: 0x00: 16 02 01 00 0B 63 00 00 4C BF 0C 00 00 00 00 00 00 00 00 00 00 00 00 00 00 00 00 00 00 00 00 00 00 00 00 00 [0C] 00 03 11 00 18 00 03 1A 19 61 65 64 55 6E 56 00 00 D7 B1 00 00 03 03 00 18 00 03
General information
- name: BNet
- type: Ladder team game (AT/RT)
- host: Battle.net
- saver: TheNumber1-B
map: Goldshire
- players: 4
- length: 53:00
- speed: Fast
- version: 1.23 W3XP
- replay type: Public
» download(258 KB)
Players
team 1 (loser)
CRISDELAG- (
teal | 106 APM | 2837 actions | 26:50)
4 Demon Hunter
2 Mana Burn
2 Evasion
» actions
| Basic commands | 17 | |
| Build / train | 109 | |
| Enter build submenu | 62 | |
| Enter hero's abilities submenu | 4 | |
| Give item / drop item | 1 | |
| Remove unit from queue | 5 | |
| Right click | 1387 | |
| Select / deselect | 1161 | |
| Use ability | 90 | |
2837 total
» units
| Wisp | 62 | |
| Archer | 2 | |
| Glaive Thrower | 2 | |
| Dryad | 9 | |
| Chimaera | 5 | |
80 total
» upgrades
| Vorpal Blades | 1 | |
| Abolish Magic | 1 | |
| Strength of the Wild | 3 | |
| Reinforced Hides | 1 | |
| Corrosive Breath | 1 | |
7 total
» buildings
| Altar of Elders | 1 | |
| Moon Well | 9 | |
| Ancient of War | 1 | |
| Tree of Ages | 2 | |
| Hunter's Hall | 1 | |
| Ancient of Lore | 2 | |
| Ancient of Wonders | 1 | |
| Tree of Life | 4 | |
| Ancient Protector | 37 | |
| Ancient of Wind | 1 | |
| Tree of Eternity | 1 | |
| Chimaera Roost | 2 | |
62 total
» build order
00:19 Altar of Elders
00:31 Moon Well
01:57 Ancient of War
02:03 Moon Well
02:43 Tree of Ages
02:44 Tree of Ages
03:04 Hunter's Hall
03:54 Moon Well
04:20 Tree of Life
06:03 Moon Well
07:45 Ancient Protector
07:48 Ancient Protector
07:54 Ancient Protector
08:10 Ancient Protector
08:14 Ancient Protector
08:33 Ancient Protector
08:37 Ancient Protector
09:33 Ancient of Wind
10:20 Tree of Eternity
11:10 Ancient Protector
11:13 Ancient Protector
11:32 Ancient Protector
11:54 Ancient Protector
12:03 Tree of Life
12:14 Ancient Protector
12:29 Moon Well
12:32 Moon Well
13:47 Moon Well
13:53 Ancient Protector
15:13 Tree of Life
15:16 Ancient Protector
15:18 Ancient Protector
15:21 Ancient Protector
15:25 Ancient Protector
16:42 Ancient Protector
17:05 Ancient Protector
17:13 Ancient Protector
17:15 Ancient Protector
17:22 Ancient Protector
17:24 Ancient Protector
17:32 Ancient Protector
17:36 Ancient Protector
17:44 Ancient Protector
18:01 Ancient Protector
18:23 Ancient Protector
18:27 Ancient Protector
18:57 Ancient Protector
19:01 Ancient Protector
19:20 Ancient Protector
19:46 Ancient Protector
19:56 Ancient Protector
20:34 Ancient Protector
» items
| Scroll of Town Portal | 2 | |
| Potion of Healing | 1 | |
| Potion of Lesser Invulnerability | 1 | |
| Dust of Appearance | 1 | |
5 total
digO] (
yellow | 81 APM | 3414 actions | 42:16)
4 Death Knight
1 Death Coil
3 Unholy Aura
3 Lich
2 Frost Nova
1 Frost Armor
2 Crypt Lord
1 Impale
1 Spiked Carapace
1 Demon Hunter
1 Mana Burn
» actions
| Assign group hotkey | 56 | |
| Basic commands | 138 | |
| Build / train | 111 | |
| Enter build submenu | 25 | |
| Enter hero's abilities submenu | 11 | |
| Give item / drop item | 2 | |
| Right click | 1204 | |
| Select / deselect | 836 | |
| Select group hotkey | 842 | |
| Use ability | 189 | |
3414 total
» units
| Acolyte | 3 | |
| Ghoul | 1 | |
| Crypt Fiend | 26 | |
| Obsidian Statue | 3 | |
| Goblin Zeppelin | 1 | |
| Meatwagon | 4 | |
| Dryad | 10 | |
| Hippogryph | 6 | |
54 total
» upgrades
| Burrow | 1 | |
| Web | 1 | |
| Creature Attack | 3 | |
| Disease Cloud | 1 | |
| Creature Carapace | 3 | |
| Reinforced Hides | 2 | |
| Nature's Blessing | 1 | |
12 total
» buildings
| Crypt | 1 | |
| Graveyard | 1 | |
| Altar of Darkness | 1 | |
| Ziggurat | 11 | |
| Tomb of Relics | 2 | |
| Nerubian Tower | 1 | |
| Halls of the Dead | 1 | |
| Slaughterhouse | 1 | |
| Black Citadel | 1 | |
| Sacrificial Pit | 2 | |
| Boneyard | 1 | |
| Spirit Tower | 3 | |
| Ancient of Wind | 1 | |
27 total
» build order
00:06 Crypt
00:09 Graveyard
00:11 Altar of Darkness
00:13 Ziggurat
00:46 Tomb of Relics
00:53 Tomb of Relics
01:45 Ziggurat
02:15 Nerubian Tower
03:29 Halls of the Dead
04:20 Ziggurat
04:29 Black Citadel
06:17 Ziggurat
08:16 Sacrificial Pit
08:20 Sacrificial Pit
11:02 Boneyard
12:10 Spirit Tower
12:14 Ziggurat
14:58 Ziggurat
15:37 Ziggurat
28:33 Ancient of Wind
39:16 Spirit Tower
» items
| Dust of Appearance | 2 | |
| Rod of Necromancy | 3 | |
| Potion of Healing | 2 | |
| Scroll of Town Portal | 7 | |
| Orb of Corruption | 1 | |
15 total
team 2 (winner)
TheNumber1-B (
orange | 119 APM | 5035 actions | 42:20)
7 Blademaster
2 Wind Walk
3 Critical Strike
1 Bladestorm
1 Mirror Image
» actions
| Assign group hotkey | 29 | |
| Basic commands | 51 | |
| Build / train | 99 | |
| ESC pressed | 8 | |
| Enter build submenu | 82 | |
| Enter hero's abilities submenu | 8 | |
| Give item / drop item | 12 | |
| Right click | 2535 | |
| Select / deselect | 303 | |
| Select group hotkey | 1642 | |
| Use ability | 266 | |
5035 total
» units
| Peon | 15 | |
| Troll Batrider | 12 | |
| Demolisher | 1 | |
| Troll Headhunter/Berserker | 5 | |
| Shaman | 5 | |
| Kodo Beast | 1 | |
| Tauren | 3 | |
42 total
» upgrades
| Spiked Barricades | 3 | |
| Reinforced Defenses | 1 | |
| Liquid Fire | 1 | |
| Ranged Weapons | 3 | |
| Armor | 3 | |
| Burning Oil | 1 | |
| Berserker Upgrade | 1 | |
| Troll Regeneration | 1 | |
| Shaman Training | 2 | |
| Witch Doctor Training | 2 | |
| Envenomed Spears | 1 | |
| War Drums Damage Increase | 1 | |
| Pulverize | 1 | |
21 total
» buildings
| Altar of Storms | 1 | |
| Orc Burrow | 8 | |
| War Mill | 1 | |
| Voodoo Lounge | 3 | |
| Watch Tower | 58 | |
| Stronghold | 1 | |
| Beastiary | 3 | |
| Fortress | 1 | |
| Great Hall | 2 | |
| Barracks | 4 | |
| Spirit Lodge | 2 | |
| Tauren Totem | 1 | |
85 total
» build order
00:09 Altar of Storms
00:21 Orc Burrow
00:52 War Mill
01:08 Voodoo Lounge
01:40 Orc Burrow
02:40 Watch Tower
02:41 Watch Tower
02:43 Watch Tower
02:44 Watch Tower
02:46 Watch Tower
03:55 Watch Tower
03:56 Watch Tower
03:58 Watch Tower
04:20 Watch Tower
05:26 Beastiary
05:28 Beastiary
06:03 Watch Tower
06:05 Watch Tower
06:08 Watch Tower
06:15 Watch Tower
06:16 Watch Tower
06:17 Watch Tower
06:19 Fortress
08:10 Watch Tower
08:12 Watch Tower
08:13 Watch Tower
08:19 Watch Tower
09:45 Watch Tower
09:46 Watch Tower
09:48 Watch Tower
09:51 Watch Tower
09:54 Watch Tower
11:09 Beastiary
11:12 Orc Burrow
12:11 Orc Burrow
12:14 Watch Tower
14:03 Watch Tower
14:03 Watch Tower
14:03 Watch Tower
14:04 Watch Tower
14:04 Watch Tower
14:05 Watch Tower
15:25 Great Hall
16:04 Watch Tower
16:05 Watch Tower
16:05 Watch Tower
16:05 Watch Tower
16:07 Watch Tower
16:18 Great Hall
17:25 Watch Tower
17:25 Watch Tower
17:26 Watch Tower
17:27 Watch Tower
17:30 Voodoo Lounge
30:23 Barracks
30:25 Barracks
30:27 Barracks
30:29 Barracks
32:45 Spirit Lodge
32:45 Spirit Lodge
35:25 Tauren Totem
37:05 Orc Burrow
37:05 Orc Burrow
37:08 Orc Burrow
» items
| Healing Salve | 6 | |
| Lesser Clarity Potion | 7 | |
| Boots of Speed | 1 | |
| Potion of Mana | 1 | |
| Staff of Teleportation | 1 | |
| Orb of Lightning | 1 | |
| Potion of Healing | 1 | |
| Scroll of Healing | 1 | |
| Scroll of Town Portal | 2 | |
| Scroll of Protection | 1 | |
| Potion of Lesser Invulnerability | 1 | |
23 total
TIMG4STRok (
green | 87 APM | 3691 actions | 42:17)
8 Archmage
2 Blizzard
3 Brilliance Aura
2 Summon Water Elemental
1 Mass Teleport
5 Mountain King
3 Storm Bolt
2 Bash
» actions
| Assign group hotkey | 30 | |
| Basic commands | 83 | |
| Build / train | 147 | |
| ESC pressed | 10 | |
| Enter build submenu | 74 | |
| Enter hero's abilities submenu | 12 | |
| Give item / drop item | 5 | |
| Right click | 1443 | |
| Select / deselect | 457 | |
| Select group hotkey | 952 | |
| Use ability | 478 | |
3691 total
» units
| Peasant | 28 | |
| Dragonhawk Rider | 10 | |
| Gryphon Rider | 6 | |
44 total
» upgrades
| Masonry | 3 | |
| Magic Sentry | 1 | |
| Lumber Harvesting | 2 | |
| Armor | 3 | |
| Cloud | 1 | |
| Animal War Training | 1 | |
| Storm Hammers | 1 | |
| Swords | 3 | |
15 total
» buildings
| Lumber Mill | 3 | |
| Altar of Kings | 2 | |
| Farm | 17 | |
| Scout Tower | 70 | |
| Arcane Tower | 8 | |
| Guard Tower | 42 | |
| Keep | 2 | |
| Arcane Vault | 1 | |
| Town Hall | 1 | |
| Arcane Sanctum | 1 | |
| Blacksmith | 1 | |
| Castle | 2 | |
| Gryphon Aviary | 2 | |
| Barracks | 1 | |
153 total
» build order
00:11 Lumber Mill
00:18 Altar of Kings
00:24 Farm
00:59 Scout Tower
01:16 Farm
01:28 Arcane Tower
01:28 Arcane Tower
01:36 Scout Tower
02:00 Scout Tower
02:02 Guard Tower
02:02 Guard Tower
02:13 Scout Tower
02:35 Guard Tower
02:36 Scout Tower
03:04 Scout Tower
03:06 Guard Tower
03:09 Scout Tower
03:09 Scout Tower
03:50 Arcane Tower
03:51 Scout Tower
03:54 Guard Tower
03:58 Farm
04:04 Scout Tower
04:07 Guard Tower
04:20 Scout Tower
04:29 Scout Tower
04:30 Scout Tower
04:31 Scout Tower
04:32 Guard Tower
06:00 Guard Tower
06:01 Scout Tower
06:02 Scout Tower
06:04 Guard Tower
06:48 Scout Tower
06:49 Scout Tower
06:54 Scout Tower
06:55 Scout Tower
07:46 Guard Tower
07:49 Guard Tower
07:52 Guard Tower
08:06 Scout Tower
08:11 Blacksmith
09:01 Guard Tower
09:23 Scout Tower
09:36 Guard Tower
09:46 Guard Tower
09:55 Arcane Tower
10:01 Castle
11:14 Gryphon Aviary
12:14 Guard Tower
12:18 Guard Tower
12:19 Scout Tower
12:19 Scout Tower
12:20 Scout Tower
12:21 Scout Tower
12:22 Scout Tower
12:22 Scout Tower
12:38 Guard Tower
12:39 Scout Tower
12:59 Guard Tower
13:00 Guard Tower
13:03 Scout Tower
13:12 Arcane Tower
13:13 Farm
13:14 Keep
13:17 Farm
13:17 Farm
13:25 Guard Tower
13:49 Guard Tower
14:25 Scout Tower
14:26 Scout Tower
14:26 Scout Tower
14:27 Scout Tower
14:27 Scout Tower
14:28 Scout Tower
15:14 Guard Tower
15:41 Castle
15:51 Guard Tower
16:11 Guard Tower
16:11 Guard Tower
16:29 Farm
16:46 Guard Tower
16:48 Scout Tower
16:49 Scout Tower
16:49 Scout Tower
16:50 Scout Tower
17:52 Guard Tower
17:53 Guard Tower
18:26 Guard Tower
18:31 Scout Tower
18:32 Scout Tower
19:23 Guard Tower
19:46 Guard Tower
19:49 Lumber Mill
25:13 Scout Tower
25:13 Scout Tower
25:14 Scout Tower
25:17 Scout Tower
25:17 Scout Tower
25:58 Arcane Tower
26:12 Arcane Tower
26:22 Arcane Tower
27:32 Farm
27:33 Farm
27:33 Farm
27:34 Farm
27:35 Farm
27:36 Farm
27:37 Farm
27:53 Farm
» items
| Lesser Clarity Potion | 2 | |
| Healing Salve | 1 | |
| Staff of Teleportation | 2 | |
| Boots of Speed | 2 | |
| Scroll of Regeneration | 2 | |
| Staff of Sanctuary | 2 | |
| Orb of Lightning | 2 | |
| Scroll of Protection | 1 | |
| Scroll of Healing | 1 | |
| Scroll of Town Portal | 1 | |
| Tome of Retraining | 1 | |
17 total
Chat log
(00:18 / Allies) TheNumber1-B: yo its so fuckin funny how much we piss off nerds
(00:21 / Allies) TIMG4STRok: ye
(00:33 / Allies) TIMG4STRok: yo
(00:37 / Allies) TIMG4STRok: we;ve played this map
(00:39 / Allies) TIMG4STRok: 100 times
(00:43 / Allies) TheNumber1-B: i like this map
(00:44 / Allies) TIMG4STRok: and 99 of them has been this exact spawn
(00:56 / Allies) TIMG4STRok: once we were on bottom
(01:35 / Allies) TheNumber1-B: havent felt tht shitty in a while
(01:40 / Allies) TIMG4STRok: lmao
(01:45 / Allies) TheNumber1-B: but im happy i ran
(02:32 / Allies) TIMG4STRok: nice towers
(03:46 / Allies) TIMG4STRok: fuck
(03:47 / Allies) TIMG4STRok: get the tome
(04:04 / Allies) TheNumber1-B: yo cant do shit with a dh there
(04:20 / Allies) TIMG4STRok: get assassin
(05:01 / Allies) TIMG4STRok: mage
(05:01 / Allies) TIMG4STRok: yes
(05:50 / Allies) TheNumber1-B: LMAO
(05:57 / Allies) TIMG4STRok: tower
(05:57 / Allies) TIMG4STRok: up
(06:34 / Allies) TheNumber1-B: this nigga with no units
(06:45 / Allies) TIMG4STRok: bats
(06:45 / Allies) TIMG4STRok: please
(07:20 / Allies) TheNumber1-B: goin to his base
(07:23 / Allies) TheNumber1-B: u got to me
(09:05 / Allies) TheNumber1-B: bats
(09:06 / Allies) TheNumber1-B: here
(09:30 / Allies) TIMG4STRok: lmao
(10:07 / Allies) TheNumber1-B: u tp out with small hp ... bm still dicks u in the ass
(10:20 / Allies) TIMG4STRok: hack
(10:30 / Allies) TheNumber1-B: no doubt
(10:34 / Allies) TheNumber1-B: hes without a dk
(10:55 / Allies) TheNumber1-B: i never saw them socut us
(11:01 / Allies) TheNumber1-B: ever
(11:02 / Allies) TIMG4STRok: hes definitely hacking
(11:04 / Allies) TIMG4STRok: he dodged the bats
(11:24 / Allies) TIMG4STRok: yeah
(11:26 / Allies) TheNumber1-B: LKMAO
(11:31 / Allies) TIMG4STRok: yueaj
(11:32 / Allies) TIMG4STRok: that was funny
(11:37 / All) TheNumber1-B: NICE
(11:56 / Allies) TIMG4STRok: i get jhacked
(11:57 / Allies) TIMG4STRok: wathc
(12:06 / All) TheNumber1-B: NICE YELLOW
(12:14 / Allies) TIMG4STRok: quick
(13:40 / Allies) TIMG4STRok: bat ud again
(14:35 / Allies) TIMG4STRok: les kill dh
(14:41 / Allies) TheNumber1-B: lets do it
(14:48 / Allies) TheNumber1-B: he has 2 pots
(14:54 / Allies) TIMG4STRok: lmao
(14:54 / Allies) TheNumber1-B: lmao
(15:19 / All) digO]: we'll play
(15:20 / All) digO]: :D
(15:21 / All) TheNumber1-B: LMAO
(15:24 / All) TIMG4STRok: thats it?
(15:27 / All) TheNumber1-B: MH MORE
(15:56 / Allies) TIMG4STRok: hawk
(15:57 / Allies) TIMG4STRok: sent
(15:59 / Allies) TIMG4STRok: make more tower
(16:57 / Allies) TheNumber1-B: LMAO
(17:00 / Allies) TheNumber1-B: fuck
(17:14 / Allies) TheNumber1-B: at least we got up our shit
(17:16 / Allies) TIMG4STRok: bat these roosts
(17:42 / Allies) TIMG4STRok: chim roosts
(18:06 / Allies) TheNumber1-B: yo this is super fuckin gay hacks lol
(18:14 / Allies) TIMG4STRok: yeah but they suck
(18:16 / Allies) TIMG4STRok: bat these roosts please
(19:03 / Allies) TIMG4STRok: no fiend
(19:03 / Allies) TIMG4STRok: gogo
(19:13 / Allies) TheNumber1-B: wat
(19:16 / Allies) TIMG4STRok: i revealed
(19:20 / Allies) TIMG4STRok: there were no fiends there
(19:26 / All) CRISDELAG-: why beeing so gay?
(19:33 / All) TheNumber1-B: lol?
(19:39 / Allies) TheNumber1-B: yo
(19:40 / All) CRISDELAG-: LOL
(19:41 / Allies) TIMG4STRok: towers in the back
(19:42 / Allies) TIMG4STRok: ill cloud
(19:43 / All) CRISDELAG-: ??
(19:45 / Allies) TheNumber1-B: a few more kills for bladestorm
(19:54 / Allies) TIMG4STRok: go
(20:08 / Allies) TIMG4STRok: b
(20:13 / Allies) TheNumber1-B: yo
(20:16 / All) TIMG4STRok: nice tp gj
(20:16 / Allies) TheNumber1-B: this idea is so good
(20:18 / Allies) TIMG4STRok: go hit top
(20:18 / Allies) TIMG4STRok: left
(20:19 / Allies) TIMG4STRok: go
(20:20 / Allies) TheNumber1-B: bring me 1 clouder
(20:26 / Allies) TheNumber1-B: all the time
(20:36 / Allies) TheNumber1-B: hes coming
(20:46 / Allies) TIMG4STRok: lets hit his main again
(21:21 / Allies) TheNumber1-B: got storm
(21:24 / Allies) TheNumber1-B: sec
(21:39 / Allies) TIMG4STRok: wait
(21:41 / Allies) TIMG4STRok: for me to reveal
(21:45 / Allies) TIMG4STRok: 5 second cooldown
(21:47 / Allies) TheNumber1-B: he has bats
(21:48 / Allies) TIMG4STRok: get out
(21:53 / Allies) TIMG4STRok: lmao
(22:01 / All) TIMG4STRok: hey at least you dont try to hide it
(22:08 / Allies) TIMG4STRok: bring bats her
(22:09 / Allies) TIMG4STRok: e
(22:13 / All) CRISDELAG-: stfu fag
(22:17 / All) CRISDELAG-: u have nthing to say
(22:20 / All) CRISDELAG-: exept u gay
(22:22 / All) CRISDELAG-: admit it
(22:24 / All) TIMG4STRok: exept
(22:29 / All) TIMG4STRok: says the maphacker
(22:30 / All) TIMG4STRok: lmao
(22:36 / Allies) TheNumber1-B: theres fiends but
(22:37 / Allies) TheNumber1-B: w/e
(22:43 / All) CRISDELAG-: he keep harassing me:O OOOOO I AHCK
(22:45 / Allies) TIMG4STRok: i kind of want to just download maphack and be the biggest faggot and troll this game you know
(22:48 / All) TIMG4STRok: what
(22:52 / Allies) TheNumber1-B: go
(22:54 / All) TIMG4STRok: when you right click on the blade master and then dust
(22:56 / All) TIMG4STRok: is a hack
(22:58 / Allies) TIMG4STRok: fiends
(23:02 / Allies) TIMG4STRok: lots of fiends
(23:06 / All) CRISDELAG-: k cool
(23:11 / All) CRISDELAG-: u look to know how it work nic
(23:18 / All) TIMG4STRok: lmao
(23:40 / Allies) TheNumber1-B: expo ur main
(23:52 / Allies) TIMG4STRok: nah
(24:00 / Allies) TIMG4STRok: i cant stay for this whole game i think
(24:01 / Allies) TheNumber1-B: long range it ?
(24:03 / All) CRISDELAG-: u know...shade?
(24:05 / All) CRISDELAG-: yea stfu thx
(24:07 / All) TheNumber1-B: LOL
(24:09 / All) TIMG4STRok: thats why you dusted right
(24:13 / All) TIMG4STRok: and didnt attack before you dusted
(24:16 / All) CRISDELAG-: why not:P
(24:19 / Allies) TheNumber1-B: LOL
(24:20 / All) TIMG4STRok: you are a hacker
(24:22 / All) CRISDELAG-: watch replay
(24:26 / All) CRISDELAG-: k
(24:31 / All) TIMG4STRok: let me watch replay of obvious hack OK
(24:35 / All) CRISDELAG-: u fuknif faggot that cant play real game
(24:42 / All) TIMG4STRok: lmao you are hacking
(24:45 / All) TIMG4STRok: you are the one that cannot play
(24:57 / Allies) TheNumber1-B: let hit teals main
(25:01 / Allies) TIMG4STRok: fiends
(25:01 / Allies) TheNumber1-B: with bladestorm
(25:02 / Allies) TIMG4STRok: he has lots
(25:03 / Allies) TIMG4STRok: of fiends
(25:07 / Allies) TheNumber1-B: reveal it
(25:20 / Allies) TIMG4STRok: gotta make more arcanes
(25:23 / All) CRISDELAG-: gratz u won fag happy?
(25:27 / All) TIMG4STRok: lmao
(25:34 / Allies) TIMG4STRok: hope he leaves
(25:40 / All) TIMG4STRok: you're just wasting your time in this game
(25:44 / All) CRISDELAG-: what about you
(25:51 / All) TIMG4STRok: ive been tabbing in and out
(26:05 / All) TIMG4STRok: how do you feel about that
(26:10 / All) CRISDELAG-: idc lol
(26:10 / All) TIMG4STRok: why do you maphack???
(26:20 / All) CRISDELAG-: stfu with ur maphack
(26:22 / All) TIMG4STRok: is it because you are in fact really bad at this game........
(26:24 / All) TIMG4STRok: it aint mine
(26:26 / All) TIMG4STRok: its yourws
(26:41 / Allies) TIMG4STRok: no fiend
(26:53 / Allies) TheNumber1-B: LOL
(26:53 / All) TIMG4STRok: lmfao
(26:54 / Allies) TheNumber1-B: NICE
(26:54 / All) TIMG4STRok: leave
(26:56 / All) TIMG4STRok: begone
(27:01 / Allies) TIMG4STRok: can you handle it if i leave
(27:04 / Allies) TIMG4STRok: in like 15 min
(27:17 / All) TIMG4STRok: bye
(27:22 / Allies) TheNumber1-B: yah
(27:24 / Allies) TheNumber1-B: it will be 1v1
(27:44 / All) TheNumber1-B: LMAO
(27:46 / All) TheNumber1-B: NERD
(28:05 / Allies) TIMG4STRok: shade
(28:13 / Allies) TheNumber1-B: rvereal
(28:18 / Allies) TIMG4STRok: still shades
(28:20 / Allies) TIMG4STRok: gonna hit top
(28:29 / Allies) TIMG4STRok: i mean
(28:30 / Allies) TIMG4STRok: still fiendzs
(28:37 / All) TIMG4STRok: leave please
(28:47 / Allies) TheNumber1-B: the worst part is how they can see my pingsssss
(28:53 / Allies) TIMG4STRok: ye
(29:02 / Allies) TIMG4STRok: just pinging
(29:16 / All) TheNumber1-B: GOOD TP
(29:20 / All) TIMG4STRok: lmao
(29:23 / All) TheNumber1-B: LOL
(30:15 / Allies) TIMG4STRok: can you make a siege
(30:17 / Allies) TheNumber1-B: wow why does 1 faggot stay in these games
(30:18 / Allies) TIMG4STRok: clear some trees
(30:20 / Allies) TIMG4STRok: and ill blizz elf base
(30:33 / Allies) TIMG4STRok: why so many rax
(30:42 / Allies) TheNumber1-B: cause u gotta go soon lol
(30:51 / Allies) TIMG4STRok: wood me
(30:55 / Allies) TIMG4STRok: and a little gold
(30:57 / Allies) TIMG4STRok: gonna go 100 food
(31:05 / Allies) TheNumber1-B: yo
(31:08 / Allies) TheNumber1-B: this is what we gonna do
(31:08 / Allies) TIMG4STRok: whats 280x 12
(31:12 / Allies) TIMG4STRok: about 3500
(31:15 / Allies) TIMG4STRok: ok i got enough
(31:17 / Allies) TheNumber1-B: yo
(31:21 / Allies) TheNumber1-B: whenever u leave
(31:23 / Allies) TheNumber1-B: if he still here
(31:26 / Allies) TheNumber1-B: we gonna
(31:27 / Allies) TIMG4STRok: he wont be
(31:31 / Allies) TIMG4STRok: im making 12 3/3 gryph
(31:33 / Allies) TheNumber1-B: IGHT
(31:35 / Allies) TIMG4STRok: lets make an army and roll this noob
(31:38 / Allies) TIMG4STRok: get lot of hh and shit
(31:50 / Allies) TheNumber1-B: lemme lose bats
(32:33 / Allies) TIMG4STRok: lmao
(32:35 / Allies) TheNumber1-B: lol hippos
(32:44 / Allies) TIMG4STRok: he sees me making gryph
(32:53 / Allies) TheNumber1-B: should i just kill off bats
(32:57 / Allies) TheNumber1-B: nah ?
(32:58 / All) TIMG4STRok: sorry but gryphon hawk beats hippo
(33:04 / All) digO]: k
(33:07 / All) digO]: but fiends
(33:10 / All) digO]: hape
(33:11 / All) digO]: :D
(33:18 / All) TIMG4STRok: nah sorry gryphons beat fiends too
(33:25 / All) TIMG4STRok: you're a big maphacking noobie :---)
(33:31 / Allies) TIMG4STRok: dont clear all the trees
(33:38 / Allies) TheNumber1-B: use them
(34:06 / Allies) TheNumber1-B: lol
(34:07 / Allies) TIMG4STRok: where
(34:08 / Allies) TIMG4STRok: are you going
(34:18 / Allies) TheNumber1-B: wow
(34:24 / Allies) TheNumber1-B: use them
(34:49 / Allies) TIMG4STRok: ahaha
(35:00 / Allies) TheNumber1-B: LOL
(35:07 / All) TIMG4STRok: what happened
(36:07 / Allies) TIMG4STRok: ready>?
(36:13 / Allies) TIMG4STRok: stop mining
(36:26 / Allies) TIMG4STRok: ahaha
(36:27 / Allies) TheNumber1-B: word im ready
(36:27 / Allies) TIMG4STRok: hes 100 food
(36:44 / Allies) TheNumber1-B: yeah this guys hysterical
(36:52 / Allies) TheNumber1-B: yo
(36:56 / Allies) TIMG4STRok: go 100
(36:57 / Allies) TheNumber1-B: should i just break the trees here
(36:59 / Allies) TheNumber1-B: we got it
(37:04 / Allies) TIMG4STRok: hes got
(37:07 / Allies) TIMG4STRok: a lot of fiends and dryads
(38:11 / Allies) TheNumber1-B: bloodlust got this
(38:18 / Allies) TheNumber1-B: the elf base is there lol
(38:33 / Allies) TIMG4STRok: lets kill top left
(38:45 / Allies) TIMG4STRok: keep pumping hh
(39:06 / Allies) TheNumber1-B: when my tauren finish
(39:07 / Allies) TheNumber1-B: we go
(39:54 / Allies) TIMG4STRok: gonna retrain
(39:55 / Allies) TIMG4STRok: water ele
(40:15 / Allies) TheNumber1-B: im lazy
(40:19 / Allies) TheNumber1-B: every thing following balde
(40:20 / Allies) TheNumber1-B: lol
(40:46 / Allies) TIMG4STRok: lets end it
(41:08 / Allies) TIMG4STRok: ready?
(41:10 / Allies) TIMG4STRok: tauren in fron
(41:18 / Allies) TIMG4STRok: go
(42:13 / All) TheNumber1-B: LOL
(42:13 / All) TIMG4STRok: bye
(42:16 / All) digO]: NOOBS